TOP OF THE 1ST |
Seton Hall Pirates batting - Pitching for South Carolina Gamecocks : RHP Julián Freitas
|
Pitching: RHP Julián Freitas
|
|
Batting: RHB Ken Horn
|
0-0: Ball 1-0: Ball 2-0: Foul Ball, location: 2F 2-1: Ball 3-1: Fly out, F4 (Popup, 23)
|
Batting: RHB Joe Lord
|
0-0: Foul Ball, location: 2F 0-1: Ball 1-1: Ball 2-1: Fly out, F4 (Popup, 4MD)
|
Batting: RHB Matt Hidalgo
|
0-0: Ball 1-0: Ball 2-0: Ball 3-0: Base on Balls
|
Batting: LHB Vernon Riley
|
0-0: Called Strike 0-1: Ball 1-1: SINGLE (Groundball, 4MD) Matt Hidalgo to second
|
Batting: LHB Turner Burns
|
0-0: Ball 1-0: Ball 2-0: Ball 3-0: Called Strike 3-1: Base on Balls Matt Hidalgo to third Vernon Riley to second
|
Batting: RHB Fernando Cuevas
|
0-0: Ball 1-0: Ball 2-0: Fielders Choice at 2nd, 5-4 (Groundball, 56)
|
Top of the 1st over - 0 runs, 1 hit, 0 errors, 3 left on base; Seton Hall 0 - South Carolina 0 |
BOTTOM OF THE 1ST |
South Carolina Gamecocks batting - Pitching for Seton Hall Pirates : RHP Todd Adams
|
Pitching: RHP Todd Adams
|
|
Batting: RHB John Lindsey
|
0-0: Called Strike 0-1: Swinging Strike 0-2: Ball 1-2: Fly out, F5 (Popup, 15)
|
Batting: RHB Gerardo Gallegos
|
0-0: Swinging Strike 0-1: Foul Ball, location: 2F 0-2: Ball 1-2: Ball 2-2: Foul Ball, location: 2F 2-2: Ball 3-2: Fly out, F5 (Popup, 5F)
|
Batting: RHB Brandon Smith
|
0-0: Ball 1-0: Foul Ball, location: 2F 1-1: Foul Ball, location: 2F 1-2: Fly out, F6 (Popup, 6)
|
Bottom of the 1st over - 0 runs, 0 hits, 0 errors, 0 left on base; Seton Hall 0 - South Carolina 0 |
TOP OF THE 2ND |
Seton Hall Pirates batting - Pitching for South Carolina Gamecocks : RHP Julián Freitas
|
Batting: RHB Chris Rigney
|
0-0: SINGLE (Groundball, 13S) (infield hit)
|
Batting: RHB Steve Moore
|
0-0: Ball 1-0: Ball 2-0: Grounds into double play, 6-4-3 (Groundball, 6)
|
Batting: RHB Jake Henshaw
|
0-0: Called Strike 0-1: Swinging Strike 0-2: Foul Ball, location: 2F 0-2: Foul Ball, location: 2F 0-2: Strikes out looking
|
Top of the 2nd over - 0 runs, 1 hit, 0 errors, 0 left on base; Seton Hall 0 - South Carolina 0 |
BOTTOM OF THE 2ND |
South Carolina Gamecocks batting - Pitching for Seton Hall Pirates : RHP Todd Adams
|
Batting: SHB Eric Silva
|
0-0: Ball 1-0: Ball 2-0: Swinging Strike 2-1: Foul Ball, location: 2F 2-2: Foul Ball, location: 2F 2-2: Strikes out looking
|
Batting: LHB Eric Martin
|
0-0: Foul Ball, location: 2F 0-1: Ball 1-1: Ball 2-1: Ball 3-1: Fly out, F9 (Flyball, 9)
|
Batting: RHB Reggie Gordon
|
0-0: Called Strike 0-1: Swinging Strike 0-2: Ball 1-2: Strikes out looking
|
Bottom of the 2nd over - 0 runs, 0 hits, 0 errors, 0 left on base; Seton Hall 0 - South Carolina 0 |
TOP OF THE 3RD |
Seton Hall Pirates batting - Pitching for South Carolina Gamecocks : RHP Julián Freitas
|
Batting: RHB Ken Horn
|
0-0: Foul Ball, location: 2F 0-1: Ball 1-1: Called Strike 1-2: Ground out U3 (Groundball, 34)
|
Batting: RHB Joe Lord
|
0-0: Ball 1-0: Ball 2-0: Swinging Strike 2-1: Called Strike 2-2: Foul Ball, location: 2F 2-2: Ball 3-2: Base on Balls
|
Batting: RHB Matt Hidalgo
|
0-0: Called Strike 0-1: Ball 1-1: Swinging Strike 1-2: Foul Ball, location: 2F 1-2: Ball Joe Lord steals 2nd base 2-2: Fly out, F6 (Line Drive, 6)
|
Batting: LHB Vernon Riley
|
0-0: Foul Ball, location: 2F 0-1: Swinging Strike 0-2: Ball 1-2: Foul Ball, location: 2F 1-2: Ball 2-2: Ball 3-2: Foul Ball, location: 2F 3-2: Foul Ball, location: 2F 3-2: Foul Ball, location: 2F 3-2: Base on Balls
|
Batting: LHB Turner Burns
|
0-0: Ball 1-0: Called Strike 1-1: Ball 2-1: SINGLE (Flyball, 8RM) Joe Lord to third Vernon Riley to second Runner from 3rd tries for Home, SAFE, no throw
|
Batting: RHB Fernando Cuevas
|
0-0: Ball 1-0: Foul Ball, location: 2F 1-1: Fielders Choice at 2nd, 5-4 (Groundball, 5)
|
Top of the 3rd over - 1 run, 1 hit, 0 errors, 2 left on base; Seton Hall 1 - South Carolina 0 |
BOTTOM OF THE 3RD |
South Carolina Gamecocks batting - Pitching for Seton Hall Pirates : RHP Todd Adams
|
Batting: RHB Mike Connor
|
0-0: Called Strike 0-1: Ball 1-1: Ball 2-1: Ball 3-1: Foul Ball, location: 2F 3-2: Foul Ball, location: 2F 3-2: Foul Ball, location: 2F 3-2: Foul Ball, location: 2F 3-2: Strikes out swinging, 2-3 out at first.
|
Batting: RHB Ed Young
|
0-0: SINGLE (Groundball, 56D)
|
Batting: RHB Garrett Nelson
|
0-0: Called Strike 0-1: Foul Ball, location: 2F 0-2: Ball 1-2: Ball 2-2: Ball 3-2: Fly out, F8 (Line Drive, 8RS)
|
Batting: RHB John Lindsey
|
0-0: Called Strike 0-1: Ground out U3 (Groundball, 3)
|
Bottom of the 3rd over - 0 runs, 1 hit, 0 errors, 1 left on base; Seton Hall 1 - South Carolina 0 |
TOP OF THE 4TH |
Seton Hall Pirates batting - Pitching for South Carolina Gamecocks : RHP Julián Freitas
|
Batting: RHB Chris Rigney
|
0-0: Ball 1-0: Ball 2-0: Foul Ball, location: 2F 2-1: Ground out 6-3 (Groundball, 6)
|
Batting: RHB Steve Moore
|
0-0: Ball 1-0: Foul Ball, location: 2F 1-1: Foul Ball, location: 2F 1-2: Strikes out swinging
|
Batting: RHB Jake Henshaw
|
0-0: Ball 1-0: Ball 2-0: Called Strike 2-1: Fly out, F3 (Popup, 3SF)
|
Top of the 4th over - 0 runs, 0 hits, 0 errors, 0 left on base; Seton Hall 1 - South Carolina 0 |
BOTTOM OF THE 4TH |
South Carolina Gamecocks batting - Pitching for Seton Hall Pirates : RHP Todd Adams
|
Batting: RHB Gerardo Gallegos
|
0-0: Swinging Strike 0-1: Ball 1-1: Called Strike 1-2: SOLO HOME RUN (Flyball, 9LD), Distance : 336 ft
|
Batting: RHB Brandon Smith
|
0-0: SINGLE (Groundball, 6MD)
|
Batting: SHB Eric Silva
|
0-0: Ball 1-0: Foul Ball, location: 2F 1-1: SINGLE (Groundball, 34D) Brandon Smith to second Runner from 2nd tries for 3rd, SAFE, no throw
|
Pitching: LHP Leonardo Casas
|
|
Batting: LHB Eric Martin
|
0-0: Ball 1-0: Ball 2-0: Ball 3-0: Called Strike 3-1: SINGLE (Flyball, 8RS) Brandon Smith scores Eric Silva to second
|
Batting: RHB Reggie Gordon
|
0-0: Foul Ball, location: 2F 0-1: Called Strike 0-2: Strikes out swinging
|
Batting: RHB Mike Connor
|
0-0: Foul Ball, location: 2F 0-1: Ball 1-1: Ball 2-1: Swinging Strike 2-2: Foul Ball, location: 2F 2-2: Strikes out swinging
|
Batting: RHB Ed Young
|
0-0: Ball 1-0: Foul Ball, location: 2F 1-1: SINGLE (Groundball, 6MD) Eric Silva to third Eric Martin to second Runner from 3rd tries for Home, SAFE, no throw
|
Batting: RHB Garrett Nelson
|
0-0: Called Strike 0-1: Called Strike 0-2: Strikes out looking
|
Bottom of the 4th over - 3 runs, 5 hits, 0 errors, 2 left on base; Seton Hall 1 - South Carolina 3 |
TOP OF THE 5TH |
Seton Hall Pirates batting - Pitching for South Carolina Gamecocks : RHP Julián Freitas
|
Batting: RHB Ken Horn
|
0-0: Ball 1-0: Ground out 6-3 (Groundball, 56)
|
Pitching: RHP Carlos López
|
|
Batting: RHB Joe Lord
|
0-0: Called Strike 0-1: Ball 1-1: Fly out, F7 (Flyball, 78M)
|
Batting: RHB Matt Hidalgo
|
0-0: Ball 1-0: Foul Ball, location: 2F 1-1: Ball 2-1: Ground out 5-3 (Groundball, 5S)
|
Top of the 5th over - 0 runs, 0 hits, 0 errors, 0 left on base; Seton Hall 1 - South Carolina 3 |
BOTTOM OF THE 5TH |
South Carolina Gamecocks batting - Pitching for Seton Hall Pirates : LHP Leonardo Casas
|
Batting: RHB John Lindsey
|
0-0: DOUBLE (Line Drive, 8LD)
|
Batting: RHB Gerardo Gallegos
|
0-0: Called Strike 0-1: Called Strike 0-2: Foul Ball, location: 2F 0-2: Ball 1-2: Foul Ball, location: 2F 1-2: Foul Ball, location: 2F 1-2: Ground out 6-3 (Groundball, 6)
|
Batting: RHB Brandon Smith
|
0-0: Ball 1-0: Foul Ball, location: 2F 1-1: 2-RUN HOME RUN (Flyball, 7LD), Distance : 338 ft
|
Batting: SHB Eric Silva
|
0-0: Called Strike 0-1: Ball 1-1: Called Strike 1-2: Strikes out swinging
|
Batting: LHB Eric Martin
|
0-0: Called Strike 0-1: Fly out, F8 (Flyball, 8LS)
|
Bottom of the 5th over - 2 runs, 2 hits, 0 errors, 0 left on base; Seton Hall 1 - South Carolina 5 |
TOP OF THE 6TH |
Seton Hall Pirates batting - Pitching for South Carolina Gamecocks : RHP Carlos López
|
Batting: LHB Vernon Riley
|
0-0: Swinging Strike 0-1: Ball 1-1: Foul Ball, location: 2F 1-2: Ball 2-2: Ball 3-2: Base on Balls
|
Batting: LHB Turner Burns
|
0-0: Ball 1-0: Called Strike 1-1: Swinging Strike 1-2: SINGLE (Line Drive, 7S) Vernon Riley to second
|
Batting: RHB Fernando Cuevas
|
0-0: Swinging Strike 0-1: Ball 1-1: Grounds into double play, 1-6-3 (Groundball, P) Vernon Riley to third
|
Batting: RHB Chris Rigney
|
0-0: Swinging Strike 0-1: Ball 1-1: 2-RUN HOME RUN (Flyball, 7D), Distance : 346 ft
|
Pitching: LHP Juan Olivo
|
|
Batting: RHB Steve Moore
|
0-0: Foul Ball, location: 2F 0-1: Ball 1-1: Foul Ball, location: 2F 1-2: Ball 2-2: Ball 3-2: Foul Ball, location: 2F 3-2: Strikes out swinging
|
Top of the 6th over - 2 runs, 2 hits, 0 errors, 0 left on base; Seton Hall 3 - South Carolina 5 |
BOTTOM OF THE 6TH |
South Carolina Gamecocks batting - Pitching for Seton Hall Pirates : LHP Leonardo Casas
|
Pitching: RHP Ray Stevens
|
|
Batting: RHB Reggie Gordon
|
0-0: Called Strike 0-1: Called Strike 0-2: Fly out, F8 (Flyball, 8LS)
|
Batting: RHB Mike Connor
|
0-0: Ball 1-0: Swinging Strike 1-1: Ball 2-1: Ball 3-1: Base on Balls
|
Batting: RHB Ed Young
|
0-0: Ball 1-0: Grounds into double play, 4-6-3 (Groundball, 4)
|
Bottom of the 6th over - 0 runs, 0 hits, 0 errors, 0 left on base; Seton Hall 3 - South Carolina 5 |
TOP OF THE 7TH |
Seton Hall Pirates batting - Pitching for South Carolina Gamecocks : LHP Juan Olivo
|
Batting: RHB Jake Henshaw
|
0-0: Ball 1-0: Called Strike 1-1: SINGLE (Flyball, 8LM)
|
Batting: RHB Ken Horn
|
0-0: Ball 1-0: Ball 2-0: Ball 3-0: Base on Balls Jake Henshaw to second
|
Batting: RHB Joe Lord
|
0-0: Grounds into double play, 3-6-3 (Groundball, 3) Jake Henshaw to third
|
Batting: RHB Matt Hidalgo
|
0-0: Ball 1-0: Ball 2-0: 2-RUN HOME RUN (Flyball, 7LD), Distance : 319 ft
|
Pitching: RHP Tim Pope
|
|
Batting: LHB Vernon Riley
|
0-0: Ball 1-0: Ball 2-0: Fly out, F7 (Flyball, 78D)
|
Top of the 7th over - 2 runs, 2 hits, 0 errors, 0 left on base; Seton Hall 5 - South Carolina 5 |
BOTTOM OF THE 7TH |
South Carolina Gamecocks batting - Pitching for Seton Hall Pirates : RHP Ray Stevens
|
Batting: RHB Garrett Nelson
|
0-0: SINGLE (Line Drive, 8LS)
|
Batting: RHB John Lindsey
|
0-0: Fly out, F5 (Flyball, 5DF)
|
Batting: RHB Gerardo Gallegos
|
0-0: Called Strike 0-1: Foul Ball, location: 2F 0-2: Ball 1-2: Foul Ball, location: 2F 1-2: Fly out, F8 (Flyball, 8LS)
|
Batting: RHB Brandon Smith
|
0-0: Called Strike 0-1: Called Strike 0-2: Ball 1-2: Ball 2-2: Fly out, F8 (Flyball, 8LM)
|
Bottom of the 7th over - 0 runs, 1 hit, 0 errors, 1 left on base; Seton Hall 5 - South Carolina 5 |
TOP OF THE 8TH |
Seton Hall Pirates batting - Pitching for South Carolina Gamecocks : RHP Tim Pope
|
Batting: LHB Turner Burns
|
0-0: Ball 1-0: SINGLE (Line Drive, 6D)
|
Pinch Runner at 1st Bob Barnes:
|
|
Batting: RHB Fernando Cuevas
|
0-0: Swinging Strike 0-1: Ball 1-1: 2-RUN HOME RUN (Flyball, 78XD), Distance : 386 ft
|
Pitching: RHP Jim Taylor
|
|
Batting: RHB Chris Rigney
|
0-0: Fly out, F6 (Popup, 6MS)
|
Batting: RHB Steve Moore
|
0-0: Called Strike 0-1: Called Strike 0-2: Foul Ball, location: 2F 0-2: Ball 1-2: Strikes out swinging, 2-3 out at first.
|
Batting: RHB Jake Henshaw
|
0-0: Ball 1-0: Foul Ball, location: 2F 1-1: Swinging Strike 1-2: DOUBLE (Line Drive, 9LS)
|
Batting: RHB Ken Horn
|
0-0: Called Strike 0-1: Ball 1-1: Foul Ball, location: 2F 1-2: Ground out 6-3 (Groundball, 6D)
|
Top of the 8th over - 2 runs, 3 hits, 0 errors, 1 left on base; Seton Hall 7 - South Carolina 5 |
BOTTOM OF THE 8TH |
South Carolina Gamecocks batting - Pitching for Seton Hall Pirates : RHP Ray Stevens
|
Now in CF: Pedro Cortés
|
|
Batting: SHB Eric Silva
|
0-0: Ball 1-0: Foul Ball, location: 2F 1-1: Ball 2-1: Swinging Strike 2-2: Ball 3-2: Base on Balls
|
Batting: LHB Eric Martin
|
0-0: DOUBLE (Line Drive, 89M) Eric Silva to third
|
Pitching: RHP Tom Skiffington
|
|
Batting: RHB Reggie Gordon
|
0-0: Called Strike 0-1: Ball 1-1: Swinging Strike 1-2: Strikes out looking
|
Batting: RHB Mike Connor
|
0-0: Ball 1-0: Ball 2-0: Ball 3-0: Base on Balls
|
Pinch Hitting: RHB Michael Walker
|
0-0: Ball 1-0: Foul Ball, location: 2F 1-1: Ball 2-1: Foul Ball, location: 2F 2-2: Foul Ball, location: 2F 2-2: Strikes out swinging
|
Batting: RHB Garrett Nelson
|
0-0: Ball 1-0: Called Strike 1-1: Ball 2-1: Called Strike 2-2: TRIPLE (Flyball, 8RXD) Eric Silva scores Eric Martin scores Mike Connor scores
|
Batting: RHB John Lindsey
|
0-0: Ball 1-0: Called Strike 1-1: Swinging Strike 1-2: Strikes out swinging
|
Bottom of the 8th over - 3 runs, 2 hits, 0 errors, 1 left on base; Seton Hall 7 - South Carolina 8 |
TOP OF THE 9TH |
Seton Hall Pirates batting - Pitching for South Carolina Gamecocks : RHP Jim Taylor
|
Pitching: RHP Jim Pope
|
|
Now at 2B: Jorge Merced
|
|
Batting: RHB Joe Lord
|
0-0: Ball 1-0: SINGLE (Flyball, 8LM)
|
Batting: RHB Matt Hidalgo
|
0-0: Called Strike 0-1: Ball 1-1: Swinging Strike 1-2: Strikes out swinging
|
Batting: LHB Vernon Riley
|
0-0: Ball 1-0: Called Strike 1-1: Foul Ball, location: 2F 1-2: Foul Ball, location: 2F 1-2: Ball 2-2: DOUBLE (Line Drive, 89D) Joe Lord to third Runner from 3rd tries for Home, SAFE, no throw
|
Pinch Hitting: RHB Juan Escobedo
|
0-0: Ground out U3 (Groundball, 3) Vernon Riley to third
|
Batting: RHB Fernando Cuevas
|
0-0: Called Strike 0-1: Swinging Strike 0-2: Fly out, F7 (Line Drive, 7LM)
|
Top of the 9th over - 1 run, 2 hits, 0 errors, 1 left on base; Seton Hall 8 - South Carolina 8 |
BOTTOM OF THE 9TH |
South Carolina Gamecocks batting - Pitching for Seton Hall Pirates : RHP Tom Skiffington
|
Now in CF: Juan Escobedo
|
|
Batting: RHB Gerardo Gallegos
|
0-0: Swinging Strike 0-1: Ball 1-1: Ball 2-1: Ball 3-1: Base on Balls
|
Batting: RHB Brandon Smith
|
0-0: Ball 1-0: Foul Ball, location: 2F 1-1: Swinging Strike 1-2: Strikes out looking
|
Batting: SHB Eric Silva
|
0-0: Swinging Strike 0-1: Called Strike 0-2: Strikes out swinging
|
Batting: LHB Eric Martin
|
0-0: Called Strike 0-1: Called Strike 0-2: Ball 1-2: Ball 2-2: Ground out 5-3 (Groundball, 25)
|
Bottom of the 9th over - 0 runs, 0 hits, 0 errors, 1 left on base; Seton Hall 8 - South Carolina 8 |
TOP OF THE 10TH |
Seton Hall Pirates batting - Pitching for South Carolina Gamecocks : RHP Jim Pope
|
Pitching: LHP António Garza
|
|
Pinch Hitting: SHB Carlos Moreno
|
0-0: Called Strike 0-1: Ball 1-1: Ground out 1-3 (Groundball, 15S)
|
Batting: RHB Steve Moore
|
0-0: Ball 1-0: Swinging Strike 1-1: Ball 2-1: Ground out 5-3 (Groundball, 56S)
|
Batting: RHB Jake Henshaw
|
0-0: Foul Ball, location: 2F 0-1: Fly out, F4 (Popup, 34S)
|
Top of the 10th over - 0 runs, 0 hits, 0 errors, 0 left on base; Seton Hall 8 - South Carolina 8 |
BOTTOM OF THE 10TH |
South Carolina Gamecocks batting - Pitching for Seton Hall Pirates : RHP Tom Skiffington
|
Now in LF: Liam Simons
|
|
Batting: RHB Reggie Gordon
|
0-0: Swinging Strike 0-1: Ball 1-1: Ball 2-1: Called Strike 2-2: Foul Ball, location: 2F 2-2: Strikes out swinging
|
Batting: RHB Mike Connor
|
0-0: Ball 1-0: Ball 2-0: Called Strike 2-1: Called Strike 2-2: SINGLE (Groundball, 56D)
|
Pitching: LHP Keith Case
|
|
Pinch Hitting: RHB Josh Brookshire
|
0-0: Ground out 6-3 (Groundball, 6S) Mike Connor to second
|
Batting: RHB Garrett Nelson
|
0-0: Ball 1-0: Called Strike 1-1: Ball 2-1: Ball 3-1: Foul Ball, location: 2F 3-2: Ground out 5-3 (Groundball, 5)
|
Bottom of the 10th over - 0 runs, 1 hit, 0 errors, 1 left on base; Seton Hall 8 - South Carolina 8 |
TOP OF THE 11TH |
Seton Hall Pirates batting - Pitching for South Carolina Gamecocks : LHP António Garza
|
Now at SS: Mark Rivera
|
|
Batting: RHB Ken Horn
|
0-0: Ball 1-0: SINGLE (Flyball, 8LS)
|
Batting: RHB Joe Lord
|
0-0: Called Strike 0-1: Foul Ball, location: 2F 0-2: Ball 1-2: Strikes out swinging
|
Batting: RHB Matt Hidalgo
|
0-0: Ball 1-0: Called Strike 1-1: Foul Ball, location: 2F 1-2: Ground out U3 (Groundball, 34) Ken Horn to second
|
Batting: LHB Vernon Riley
|
0-0: Ball 1-0: Ball 2-0: Ball 3-0: Called Strike 3-1: Called Strike 3-2: Base on Balls
|
Batting: RHB Juan Escobedo
|
0-0: Ball 1-0: Ball 2-0: Fielders Choice at 2nd, U4 (Groundball, 4M)
|
Top of the 11th over - 0 runs, 1 hit, 0 errors, 2 left on base; Seton Hall 8 - South Carolina 8 |
BOTTOM OF THE 11TH |
South Carolina Gamecocks batting - Pitching for Seton Hall Pirates : LHP Keith Case
|
Batting: RHB John Lindsey
|
0-0: Ball 1-0: Foul Ball, location: 2F 1-1: Ball 2-1: Ball 3-1: Called Strike 3-2: Base on Balls
|
Batting: RHB Gerardo Gallegos
|
0-0: Sac Bunt - play at first, batter OUT! 1-4 John Lindsey to second
|
Batting: RHB Brandon Smith
|
0-0: Intentional Walk
|
Batting: SHB Eric Silva
|
0-0: Ball 1-0: Called Strike 1-1: Foul Ball, location: 2F 1-2: Strikes out swinging
|
Batting: LHB Eric Martin
|
0-0: Called Strike 0-1: Ball 1-1: Swinging Strike 1-2: 3-RUN HOME RUN (Flyball, 7D), Distance : 349 ft
|
Saturday, April 7th, 2018 - OOTP Baseball 18.8 Build 76
|
|